Map: Abyssal Reef LE

Players

Damrud

  • Race: Zerg Zerg
  • Spawn Location: 11:00

BLY - Winner!

  • Race: Zerg Zerg
  • Spawn Location: 5:00

Event: IEM XI Katowice - World Championship 2017

VOD

Have the link to the VOD?

Description

Time

  • Played on: Feb. 27, 2017, 4:06 a.m.
  • Length: 6:40

All games in this series

Show
View Real Time Build Order
Export as new Build Order

Damrud Zerg 

Build Orders: Pool First 

Get SALT Encoding   

  12  0:01  Drone  
  13  0:12  Overlord  
  13  0:18  Drone  
  14  0:31  Drone x2  
  14  0:35  Drone  
  17  0:45  Spawning Pool  
  17  0:48  Drone  
  17  0:50  Extractor  
  16  0:57  Drone  
  17  1:09  Drone  
  18  1:28  Hatchery  
  18  1:30  Drone  
  18  1:31  Drone  
  19  1:39  Queen  
  21  1:44  Drone  
  22  1:50  Metabolic Boost  
  22  1:57  Overlord  
  22  2:15  Queen  
  24  2:17  Drone  
  24  2:18  Drone  
  24  2:22  Drone  
  27  2:31  Baneling Nest  
  27  2:33  Zergling x2  
  27  2:42  Drone  
  28  2:48  Drone x2  
  28  2:49  Drone x2  
  32  3:05  Drone x2  
  33  3:12  Hatchery  
  33  3:14  Drone x3  
  36  3:20  Baneling x2  
  36  3:23  Overlord  
  36  3:26  Overlord  
  36  3:31  Overlord  
  36  3:45  Zergling x8, Roach Warren  
  36  3:46  Zergling x2  
  36  3:47  Extractor  
  39  3:52  Zergling x2  
  40  3:56  Zergling x2  
  40  3:59  Zergling x2  
  42  4:04  Zergling x2  
  42  4:05  Zergling x6  
  42  4:06  Zergling x4  
  48  4:15  Zergling x2  
  48  4:16  Zergling x2  
  49  4:26  Lair  
  49  4:30  Drone x5  
  54  4:32  Evolution Chamber  
  54  4:34  Drone  
  54  4:35  Drone x2  
  54  4:36  Drone  
  57  4:42  Drone  
  57  4:44  Overlord  
  55  4:53  Zergling x6  
  53  5:06  Roach x4  
  62  5:14  Drone x5  
  62  5:17  Overlord  
  66  5:34  Queen  
  66  5:35  Extractor, Drone x3  
  69  5:36  Overlord  
  69  5:39  Roach x2  
  69  5:49  Roach x2  
  70  5:53  Roach x2  
  70  5:54  Roach  
  52  6:01  Roach  
  52  6:02  Zergling x2  
  54  6:09  Zergling x2  
  37  6:20  Roach  
  37  6:31  Ravager  
Show
View Real Time Build Order
Export as new Build Order

BLY Zerg - Winner!

Build Orders: Pool First 

Get SALT Encoding   

  12  0:01  Drone  
  13  0:13  Overlord  
  13  0:17  Drone  
  14  0:31  Drone x2  
  16  0:37  Drone  
  17  0:59  Spawning Pool  
  17  1:01  Drone x2  
  18  1:17  Hatchery  
  17  1:20  Drone  
  17  1:23  Extractor  
  17  1:31  Drone x2  
  19  1:42  Drone  
  19  1:46  Queen  
  22  1:52  Overlord  
  22  2:15  Drone  
  22  2:16  Drone  
  22  2:22  Queen, Drone  
  27  2:25  Metabolic Boost  
  27  2:29  Drone  
  28  2:30  Queen  
  30  2:39  Drone  
  30  2:40  Overlord  
  31  2:51  Drone  
  31  2:53  Drone  
  33  3:04  Drone x4  
  37  3:14  Roach Warren  
  37  3:17  Drone x3  
  39  3:22  Overlord  
  39  3:33  Zergling x2  
  39  3:34  Zergling x8  
  44  3:46  Hatchery  
  43  3:48  Overlord  
  43  3:55  Drone x3  
  46  3:57  Roach x2  
  46  3:58  Extractor  
  49  4:09  Roach x3  
  55  4:14  Evolution Chamber  
  54  4:23  Drone x4  
  53  4:30  Roach x3  
  59  4:36  Overlord  
  59  4:40  Zerg Missile Weapons Level 1  
  59  4:46  Zergling x2  
  60  4:54  Ravager  
  60  4:56  Zergling x10  
  60  4:58  Ravager  
  58  5:03  Zergling x4  
  58  5:04  Zergling x4  
  57  5:07  Queen x2  
  57  5:12  Roach x4  
  69  5:16  Roach x2  
  73  5:23  Overlord  
  73  5:31  Overlord x2  
  73  5:36  Overlord  
  73  5:49  Roach x4  
  80  5:52  Zergling x12  
  86  6:06  Roach x2  
  86  6:10  Hatchery  
  86  6:13  Roach  
  86  6:20  Roach  

Tags
 
Add a new tag
Caveats
  • Supply blocks, unpowered buildings, or Contaminate may cause inaccurate times.
  • Supply counts are checked every 10 seconds.